 Dungeon Crawl Stone Soup version 0.30-b1-5-g8e6c1be481 (webtiles) character file.

Game seed: 3389551950663338511

20681 KittyFluff the Bludgeoner (level 12, -10/75 HPs)
             Began as a Gargoyle Berserker on May 4, 2023.
             Was a High Priest of Trog.
             Mangled by an Executioner (17 damage)
             ... on level 1 of the Abyss.
             The game lasted 01:17:54 (11876 turns).

KittyFluff the Bludgeoner (Gargoyle Berserker)     Turns: 11876, Time: 01:17:57

Health: -10/75     AC: 25    Str: 24    XL:     12   Next: 82%
Magic:  0/12       EV: 13    Int: 10    God:    Trog [*****.]
Gold:   466        SH:  3    Dex: 16    Spells: 11/11 levels left

rFire   . . .        h - +1 demon whip (venom)
rCold   + . .        C - +0 buckler
rNeg    + + .        S - +0 troll leather armour
rPois   ∞            s - +2 hat "Reoll" {Rampage +Inv Will- Regen+}
rElec   +            F - +1 cloak of the Valley {-Cast rN+ Str+4}
rCorr   .            M - +0 pair of gloves of the Enchanted Forest {Dex+3 Stlth+}
SInv    .            v - +1 pair of boots
Will    .....        p - amulet of guardian spirit
Stlth   +++          w - +4 ring of protection
HPRegen 2.92/turn    (no ring)
MPRegen 0.13/turn

%: no spellcasting, guardian spirit, rampage
@: weak-willed, strong-willed, regenerating, studying Throwing, unable to drink
A: sickness immunity, AC +8, negative energy resistance 1, electricity
resistance, torment resistance 1, petrification resistance, hooves 1, horns 1,
cold resistance 1, inability to drink after injury 2
a: Renounce Religion, Evoke Invisibility, Berserk, Trog's Hand, Brothers in Arms


You were on level 1 of the Abyss.
You worshipped Trog.
Trog was extremely pleased with you.
You visited 2 branches of the dungeon, and saw 12 of its levels.
You visited the Abyss 1 time.
You also visited: Sewer.

You collected 646 gold pieces.
You spent 180 gold pieces at shops.

Inventory:

Hand Weapons
 h - a +1 demon whip of venom (weapon)
 u - a +0 morningstar
 D - a +2 flail of draining
 K - a +2 antimagic dire flail
 O - a +2 heavy shortbow
Missiles
 c - 15 boomerangs (quivered)
 E - 47 poisoned darts
 J - 2 curare-tipped darts
 Q - 5 javelins
 T - 2 boomerangs of dispersal
Armour
 i - a +0 helmet
 s - the +2 hat "Reoll" (worn) {Rampage +Inv Will- Regen+}
   (You acquired it on level 8 of the Dungeon)

   +Inv:      It lets you turn invisible.
   Regen:     It increases your rate of health regeneration.
   Rampage:   It bestows one free step when moving towards enemies.
   Will:      It decreases your willpower.
 t - an orb of light
 v - a +1 pair of boots (worn)
 C - a +0 buckler (worn)
 F - the +1 cloak of the Valley (worn) {-Cast rN+ Str+4}
   (You found it on level 5 of the Dungeon)

   Str:       It affects your strength (+4).
   rN:        It protects you from negative energy.
   -Cast:     It prevents spellcasting.
 I - a +0 ring mail
 M - the +0 pair of gloves of the Enchanted Forest (worn) {Dex+3 Stlth+}
   (You found it on level 2 of the Lair of Beasts)

   Dex:       It affects your dexterity (+3).
   Stlth:     It makes you more stealthy.
 N - a +0 kite shield
 S - a +0 troll leather armour (worn)
 U - a +2 robe of willpower
Jewellery
 p - an amulet of guardian spirit (around neck)
 w - a +4 ring of protection (left hand)
Wands
 a - a wand of quicksilver (8)
 d - a wand of polymorph (12)
 H - a wand of paralysis (11)
 P - a wand of flame (21)
 V - a wand of roots (6)
Scrolls
 f - a scroll of acquirement
 j - a scroll of enchant armour
 n - a scroll of brand weapon {unknown}
 o - 2 scrolls of noise {unknown}
 q - 4 scrolls of vulnerability
 x - a scroll of magic mapping {unknown}
 y - 2 scrolls of fear
 z - a scroll of immolation {unknown}
 A - 4 scrolls of teleportation {unknown}
 B - 3 scrolls of blinking
 G - a scroll of silence
 R - a scroll of poison
 X - 3 scrolls of fog
Potions
 b - 3 potions of lignification
 e - 10 potions of curing
 g - 4 potions of cancellation
 k - a potion of ambrosia
 l - 6 potions of might
 m - 7 potions of haste
 r - a potion of flight
 L - 2 potions of resistance
 W - 2 potions of invisibility


   Skills:
 + Level 8.7 Fighting
 + Level 16.9 Maces & Flails
 + Level 4.0 Ranged Weapons
 + Level 1.9 Throwing
 + Level 6.6 Armour
 + Level 5.0 Dodging
 + Level 4.0 Stealth


You had 11 spell levels left.
You didn't know any spells.
Your spell library was empty.

Dungeon Overview and Level Annotations

Branches:
Dungeon (10/15)            Temple (0/1) D:4            Lair (2/5) D:8
 Spider (0/4) Lair:2        Sewer (visited)
  Swamp: Lair:2-3    Shoals: Lair:2-3       Orc: D:9-12

Altars:
Hepliaklqana
Kikubaaqudgha
Yredelemnul

Shops:
D:5 [(   D:7 (

Annotations:
D:9 2 transporters
Lair:2 Sonja


Innate Abilities, Weirdness & Mutations

You are immune to sickness and miasma.
Your stone body is resilient. (AC +8)
You are immune to poison.
You resist negative energy. (rN+)
You are resistant to electric shocks. (rElec)
You are resistant to unholy torment.
You are immune to petrification.
You have large cloven feet.
You have a pair of small horns on your head.
Your flesh is cold resistant. (rC+)
You sometimes lose the ability to drink potions when taking damage.


Message History

You closely miss the Executioner.
The Executioner is heavily wounded.
The Executioner hits you but does no damage. x3
The Executioner hits you. x3
* * * LOW HITPOINT WARNING * * *
You whack the Executioner!
You headbutt the Executioner, but do no damage.
The Executioner is heavily wounded.
You block the Executioner's attack. The Executioner closely misses you.
The Executioner hits you but does no damage.
You miss the Executioner. Your headbutt misses the Executioner.
The Executioner is heavily wounded.
The Executioner hits you!
* * * LOW HITPOINT WARNING * * *
The Executioner hits you but does no damage. x2
The Executioner hits you.
* * * LOW HITPOINT WARNING * * *
The Executioner misses you.
The Executioner hits you but does no damage.
As you read the scroll labelled VEAHYC ADIA, it crumbles to dust.
It is a scroll of enchant armour.
Your +0 pair of boots glows green for a moment.
The Executioner hits you but does no damage.
The Executioner barely misses you. x2
The Executioner hits you but does no damage.
The Executioner closely misses you.
The Executioner hits you but does no damage. x4
As you read the scroll of fear, it crumbles to dust.
You assume a fearsome visage.
The small abomination is unaffected.
The Executioner resists with almost no effort.
The Executioner hits you but does no damage.
The Executioner hits you.
* * * LOW HITPOINT WARNING * * *
The Executioner hits you.
* * * LOW HITPOINT WARNING * * *
The Executioner hits you!
* * * LOW HITPOINT WARNING * * *
The Executioner hits you but does no damage. x2
The small abomination misses you. The Executioner hits you!
You die...

#.....#
#.....#
#.....##
#......#
#......#
#......#
#......#
#...@..#
#..x1..#
#......#
#..#..#### #
#.....##.
.###. . .
..#.......
... .... ..
.#.....#...
...... # .
..'.......§.
......
#..... .#..
.###'###+#


You could see an Executioner (fast, extremely poisoned, weak-willed) and a small
abomination (weak-willed).

Vanquished Creatures
  Gastronok (D:9)
  Harold (D:9)
  A hydra (Lair:2)
  A two-headed ogre (D:9)
  A skyshark (Lair:1)
  Amaemon (Lair:2)
  6 elephants (Lair:1)
  An orange demon (Lair:2)
  A cane toad (Lair:2)
  3 komodo dragons
  A rime drake (D:8)
  A polar bear (Lair:1)
  2 trolls
  Grinder (D:4)
  10 blink frogs
  2 hornets (D:9)
  2 wraiths (D:10)
  Sigmund (D:2)
  A shadow (D:10)
  2 wyverns
  A small abomination (Abyss:1)
  13 yaks
  A steam dragon (D:8)
  2 redbacks (Lair:2)
  Edmund (D:4)
  An acid dragon (D:10)
  6 water moccasins
  Duvessa (D:4)
  3 orc warriors
  2 ice beasts
  2 sky beasts
  A black bear (D:7)
  An ogre (D:5)
  10 wolves
  3 centaurs
  2 phantoms
  6 kobold brigands
  15 bullfrogs
  2 gnoll sergeants
  2 scorpions
  12 wights
  Dowan (D:4)
  3 electric eels (Lair:1)
  2 howler monkeys (D:9)
  3 lava snakes (Lair:1)
  2 hounds
  7 orc priests
  4 jellies
  A sleepcap (D:5)
  4 iguanas
  Ijyb (D:5)
  7 orc wizards
  Natasha (thrice) (D:3)
  15 gnolls
  14 adders
  2 white imps
  An ufetubus (D:6)
  A worm (D:6)
  2 dart slugs
  39 orcs
  9 ball pythons
  5 bats
  5 endoplasms
  9 giant cockroaches
  7 goblins
  6 hobgoblins
  3 jackals (D:3)
  8 quokkas
  6 frilled lizards
  31 kobolds
  7 rats
335 creatures vanquished.

Vanquished Creatures (others)
  2 orc wizards (D:8)
  4 fungi
  62 plants
68 creatures vanquished.

Grand Total: 403 creatures vanquished

Notes
Turn   | Place    | Note
-------+----------+-------------------------------------------
     0 | D:1      | KittyFluff the Gargoyle Berserker began the quest for the
                  | Orb.
     0 | D:1      | Reached XP level 1. HP: 14/14 MP: 1/1
   237 | D:1      | Reached XP level 2. HP: 9/19 MP: 2/2
   784 | D:2      | Noticed Sigmund
   804 | D:2      | Killed Sigmund
   805 | D:2      | Reached skill level 4 in Maces & Flails
   805 | D:2      | Reached XP level 3. HP: 13/24 MP: 3/3
   805 | D:2      | Reached XP level 4. HP: 17/30 MP: 4/4
   805 | D:2      | Reached XP level 5. HP: 19/34 MP: 5/5
  1554 | D:2      | Reached ** piety under Trog
  2070 | D:3      | Reached XP level 6. HP: 38/40 MP: 6/6
  2515 | D:3      | Found a hazy altar of Hepliaklqana.
  2873 | D:3      | Reached skill level 5 in Maces & Flails
  2881 | D:3      | Noticed Natasha
  2894 | D:3      | Killed Natasha
  2987 | D:3      | Noticed Natasha
  3003 | D:3      | Killed Natasha
  3062 | D:3      | Noticed Natasha
  3074 | D:3      | Killed Natasha
  3075 | D:3      | Reached skill level 5 in Fighting
  3270 | D:4      | Found a staircase to the Ecumenical Temple.
  3290 | D:4      | Reached XP level 7. HP: 25/44 MP: 3/7
  3870 | D:4      | Noticed Edmund
  3888 | D:4      | Killed Edmund
  3889 | D:4      | Reached skill level 1 in Stealth
  4051 | D:4      | Gained mutation: Your body sometimes deteriorates upon
                  | taking damage. [potion of mutation]
  4051 | D:4      | Gained mutation: Your flesh is cold resistant. (rC+)
                  | [potion of mutation]
  4071 | D:4      | Noticed Duvessa
  4071 | D:4      | Noticed Dowan
  4071 | D:4      | Noticed Grinder
  4084 | D:4      | Killed Duvessa
  4092 | D:4      | Paralysed by Grinder for 3 turns
  4096 | D:4      | Killed Grinder
  4097 | D:4      | Reached skill level 6 in Maces & Flails
  4097 | D:4      | Reached skill level 5 in Armour
  4097 | D:4      | Reached XP level 8. HP: 23/50 MP: 2/8
  4103 | D:4      | Killed Dowan
  4318 | D:4      | Reached skill level 1 in Throwing
  4592 | D:5      | Entered Level 5 of the Dungeon
  4738 | D:5      | Found Tec Omneguyf's Antique Weapon Shop.
  4801 | D:5      | Noticed Ijyb
  4808 | D:5      | Killed Ijyb
  4849 | D:5      | Found Kaprimia's Antique Armour Emporium.
  4854 | D:5      | Bought a pair of embroidered gloves for 180 gold pieces
  5020 | D:5      | Reached *** piety under Trog
  5208 | D:5      | Identified the +1 cloak of the Valley {-Cast rN+ Str+4}
  5252 | D:5      | Reached skill level 7 in Maces & Flails
  5681 | D:6      | Reached skill level 8 in Maces & Flails
  5681 | D:6      | Reached XP level 9. HP: 13/55 MP: 1/9
  5911 | D:6      | Found a glowing drain.
  5915 | Sewer    | Entered a sewer
  6020 | Sewer    | Reached **** piety under Trog
  6108 | Sewer    | Reached skill level 9 in Maces & Flails
  6125 | Sewer    | Lost mutation: Your body sometimes deteriorates upon taking
                  | damage. [potion of mutation]
  6125 | Sewer    | Lost mutation: Your flesh is cold resistant. (rC+) [potion
                  | of mutation]
  6125 | Sewer    | Gained mutation: You passively dampen the noise of your
                  | surroundings. [potion of mutation]
  6953 | D:6      | Reached skill level 10 in Maces & Flails
  7636 | D:7      | Reached skill level 11 in Maces & Flails
  7931 | D:7      | Found Salu Izu's Weapon Emporium.
  8138 | D:7      | Reached XP level 10. HP: 60/60 MP: 10/10
  8401 | D:7      | Lost mutation: You passively dampen the noise of your
                  | surroundings. [potion of mutation]
  8401 | D:7      | Gained mutation: You have a pair of small horns on your
                  | head. [potion of mutation]
  8401 | D:7      | Gained mutation: You are vulnerable to heat. (rF-) [potion
                  | of mutation]
  8401 | D:7      | Gained mutation: You are robust. (+10% HP) [potion of
                  | mutation]
  8402 | D:7      | Lost mutation: You are vulnerable to heat. (rF-) [potion of
                  | mutation]
  8402 | D:7      | Lost mutation: You are robust. (+10% HP) [potion of
                  | mutation]
  8402 | D:7      | Gained mutation: You are weak. (Str -2) [potion of
                  | mutation]
  8402 | D:7      | Gained mutation: Armour fits poorly on your strangely
                  | shaped body. [potion of mutation]
  8402 | D:7      | Gained mutation: Your flesh is cold resistant. (rC+)
                  | [potion of mutation]
  8499 | D:8      | Reached ***** piety under Trog
  8503 | D:8      | Reached skill level 12 in Maces & Flails
  8546 | D:8      | Identified 3 scrolls of acquirement
  8546 | D:8      | Acquired the +2 hat "Reoll" {Rampage +Inv Will- Regen+}
  8642 | D:8      | Acquired a manual of Throwing
  8793 | D:8      | Reached skill level 13 in Maces & Flails
  8831 | D:8      | Received a gift from Trog
  8913 | D:8      | Lost mutation: Armour fits poorly on your strangely shaped
                  | body. [potion of mutation]
  8913 | D:8      | Lost mutation: You are weak. (Str -2) [potion of mutation]
  8913 | D:8      | Gained mutation: You have large cloven feet. [potion of
                  | mutation]
  8913 | D:8      | Gained mutation: You occasionally lose the ability to drink
                  | potions when taking damage. [potion of mutation]
  8913 | D:8      | Gained mutation: You sometimes lose the ability to drink
                  | potions when taking damage. [potion of mutation]
  9046 | D:8      | Found a staircase to the Lair.
  9226 | D:9      | Noticed Gastronok
  9261 | D:9      | Killed Gastronok
  9262 | D:9      | Reached skill level 14 in Maces & Flails
  9262 | D:9      | Reached XP level 11. HP: 60/64 MP: 3/11
  9345 | D:9      | Noticed Harold
  9370 | D:9      | Killed Harold
  9371 | D:9      | Reached skill level 15 in Maces & Flails
  9451 | D:9      | Noticed a two-headed ogre
  9461 | D:9      | Killed a two-headed ogre
  9508 | D:9      | Found a transporter.
  9527 | D:9      | Found a basalt altar of Yredelemnul.
  9531 | D:9      | Noticed a death knight
  9537 | D:9      | Found the +11 Singing Sword {sonic wave}
  9538 | D:9      | Found an ancient bone altar of Kikubaaqudgha.
  9541 | D:9      | Found a transporter.
  9722 | D:10     | Entered Level 10 of the Dungeon
 10031 | D:10     | Reached skill level 16 in Maces & Flails
 10257 | Lair:1   | Entered Level 1 of the Lair of Beasts
 10509 | Lair:1   | Reached skill level 1 in Ranged Weapons
 10632 | Lair:1   | Reached XP level 12. HP: 63/70 MP: 2/12
 10781 | Lair:1   | Noticed a skyshark
 10802 | Lair:1   | Killed a skyshark
 11132 | Lair:2   | Noticed Amaemon
 11170 | Lair:2   | Killed Amaemon
 11288 | Lair:2   | Found a hole to the Spider Nest.
 11298 | Lair:2   | Identified the +0 pair of gloves of the Enchanted Forest
                  | {Dex+3 Stlth+}
 11318 | Lair:2   | Noticed a four-headed hydra
 11329 | Lair:2   | Killed a four-headed hydra
 11528 | Lair:2   | Noticed a death yak
 11530 | Lair:2   | Noticed a death yak
 11722 | Lair:2   | Noticed Sonja
 11724 | Lair:2   | Received a gift from Trog
 11725 | Lair:2   | Reached skill level 5 in Dodging
 11726 | Abyss:1  | Cast into level 1 of the Abyss (Sonja)
 11837 | Abyss:1  | Noticed an Executioner
 11876 | Abyss:1  | Mangled by an Executioner

Illustrated notes

Levels and vault maps discovered:
D:1:      dpeg_arrival_radiant, layout_basic, minmay_misc_feat_chi,
          minmay_tetromino_t2
D:2:      minmay_general_purpose_star, layout_basic, serial_curves,
          eino_curves_01, eino_curves_02, minivault_4, st_stairs_6,
          chequers_serial_rivers_marsh, uniq_sigmund
D:3:      wad_woods_stonehenge, layout_basic, uniq_natasha
D:4:      layout_basic, minmay_temple_entry_stoned_glass, uniq_duvessa,
          uniq_edmund, uniq_grinder
D:5:      layout_basic, serial_shops, shop, shop, minmay_holes,
          nrook_pool_corridor, uniq_ijyb
D:6:      layout_gridville, gup_sewer_entry_spiral
D:7:      layout_basic, serial_shops, shop, grunt_ministairs_2,
          nicolae_nh_ransacked_shop
D:8:      layout_rooms, hellmonk_lair_entry_icy
D:9:      layout_roguey, gammafunk_temple_of_torment, uniq_harold,
          uniq_gastronok
D:10:     layout_cross
Lair:1:   layout_roguey, nicolae_lair_liquid_snakes
Lair:2:   layout_chaotic_city, spider_nest_entry_webs, uniq_sonja, uniq_amaemon
Abyss:1:  base:
D:6

Skill      XL: |  1  2  3  4  5  6  7  8  9 10 11 12 |
---------------+-------------------------------------+-----
Fighting       | 4 5 6 8 |  8.7
Maces & Flails | 4 5 6 8 11 14 16 | 16.9
Armour         | 3 4 5 6 |  6.6
Dodging        | 2 3 5 |  5.0
Stealth        | 1 2 3 4 |  4.0
Throwing       | 1 |  1.9
Ranged Weapons | 2 4 |  4.0

Action                     |  1- 3 |  4- 6 |  7- 9 | 10-12 || total
---------------------------+-------+-------+-------+-------++-------
  Melee: Mace              |    64 |   244 |    51 |       ||   359
         Punch             |     1 |     5 |     3 |     1 ||    10
         Flail             |       |       |   425 |   140 ||   565
         Dire flail        |       |       |       |   388 ||   388
         Headbutt          |       |       |       |   131 ||   131
         Demon whip        |       |       |       |   108 ||   108
   Fire: Shortbow          |       |       |       |    22 ||    22
  Throw: Boomerang         |     1 |       |     3 |     8 ||    12
         Dart              |       |       |     4 |       ||     4
 Invoke: Berserk           |     1 |       |     2 |       ||     3
         Trog's Hand       |       |       |       |     1 ||     1
  Evoke: Wand              |       |       |     1 |       ||     1
    Use: Scroll            |     1 |     3 |     5 |    11 ||    20
         Potion            |       |       |     2 |     5 ||     7
   Stab: Sleeping          |       |       |     4 |     6 ||    10
 Armour: Animal skin       |    13 |       |       |       ||    13
         Leather armour    |     2 |    92 |   172 |       ||   266
         Ring mail         |       |       |    66 |    97 ||   163
         Troll leather arm |       |       |       |   265 ||   265
  Dodge: Dodged            |    37 |   133 |   314 |   335 ||   819
  Block: Buckler           |       |       |       |    23 ||    23
